 Dungeon Crawl Stone Soup version 0.20-a0-513-g02c11fc (webtiles) character file.

79 kuniqs the Ducker (level 4, -1/37 HPs)
             Began as a Barachian Gladiator on Jan 22, 2017.
             Slain by Natasha (11 damage)
             ... on level 2 of the Dungeon.
             The game lasted 00:04:16 (1641 turns).

kuniqs the Ducker (Barachian Gladiator)             Turns: 1641, Time: 00:04:17

Health: -1/37      AC:  4    Str: 12    XL:     4   Next: 38%
Magic:  4/4        EV: 13    Int:  6    God:
Gold:   56         SH:  0    Dex: 13    Spells: 3/3 levels left

rFire    . . .     SeeInvis .   a - +0 quarterstaff
rCold    . . .     Gourm    .   b - +0 leather armour
rNeg     . . .     Faith    .   (shield currently unavailable)
rPois    .         Spirit   .   c - +0 helmet
rElec    .         Reflect  .   (no cloak)
rCorr    .         Harm     .   (no gloves)
MR       .....                  (no boots)
Stlth    +.........             (no amulet)
Regen    0.2/turn               (no ring)
                                (no ring)

@: slow
A: swims, slowness 1, strong legs 1
a: Hop


You were on level 2 of the Dungeon.
You were not hungry.

You visited 1 branch of the dungeon, and saw 2 of its levels.

You collected 56 gold pieces.

Inventory:

Hand Weapons
 a - a +0 quarterstaff (weapon)
Missiles
 f - 3 throwing nets (quivered)
Armour
 b - a +0 leather armour (worn)
 c - a +0 helmet (worn)
Scrolls
 e - 3 scrolls of identify {unknown}
 m - a scroll of immolation {unknown}
 p - a scroll of fear {unknown}
 q - a scroll of enchant armour {unknown}
Potions
 g - 2 potions of agility
 h - a potion of heal wounds {unknown}
 i - a potion of curing {unknown}
 j - a potion of might
 n - a potion of cancellation {unknown}
 o - a potion of haste {unknown}
Comestibles
 d - a bread ration
 k - 2 chunks of flesh
 l - a royal jelly


   Skills:
 + Level 3.8 Fighting
 - Level 3.0 Staves
 - Level 1.7 Throwing
 + Level 4.1 Dodging


You had 3 spell levels left.
You didn't know any spells.

Dungeon Overview and Level Annotations

Branches:
Dungeon (2/15)

Altars:

Annotations:
D:2 Natasha


Innate Abilities, Weirdness & Mutations

You can swim through water.
You cover ground slowly.
You can hop short distances.


Message History

You closely miss Natasha.
The iron imp hits you but does no damage.
Natasha claws you.
You closely miss Natasha. The iron imp hits you. Natasha closely misses you.
You sock Natasha! Natasha claws you.
The iron imp hits you but does no damage.
You hit Natasha. Natasha misses you. The iron imp misses you.
You barely miss Natasha. Natasha closely misses you. The iron imp hits you.
Some of the chunks of flesh in your inventory have rotted away.
You closely miss Natasha. Natasha casts a spell at you.
The magic dart hits you! The iron imp barely misses you.
You hit Natasha but do no damage. Natasha claws you.
* * * LOW HITPOINT WARNING * * *
Natasha closely misses you.
The iron imp hits you but does no damage.
You closely miss Natasha.
The iron imp disappears in a puff of smoke!
Natasha claws you!
You die...

### .. ##.##
#..$# #h#.#
#@ยง.# #)### #.#
#.# #######
###.# #.....#
##...### #.....#
#......# #.....#
#..###.# #.....#
#..###.###.....#


You could see Natasha.

Vanquished Creatures
  Natasha (D:2)
  An adder (D:2)
  An ooze (D:1)
  2 worms (D:2)
  A dart slug (D:1)
  7 goblins
  5 hobgoblins
  A quokka (D:2)
  4 bats
  A frilled lizard (D:1)
  5 kobolds
  A rat (D:1)
30 creatures vanquished.

Vanquished Creatures (others)
  A hobgoblin (D:1)
  A rat (D:1)
2 creatures vanquished.

Grand Total: 32 creatures vanquished

Notes
Turn   | Place    | Note
-------+----------+-------------------------------------------
     0 | D:1      | kuniqs the Barachian Gladiator began the quest for the Orb.
     0 | D:1      | Reached XP level 1. HP: 16/16 MP: 1/1
    47 | D:1      | Reached XP level 2. HP: 13/23 MP: 2/2
  1107 | D:2      | Reached XP level 3. HP: 23/29 MP: 3/3
  1116 | D:2      | Noticed Natasha
  1132 | D:2      | Killed Natasha
  1134 | D:2      | Reached XP level 4. HP: 15/35 MP: 4/4
  1363 | D:2      | Reached skill level 4 in Dodging
  1628 | D:2      | Noticed Natasha
  1641 | D:2      | Slain by Natasha

Vault maps used:
D:1:      shiori_arrival_elements
D:2:      supply_closet_lemuel, uniq_natasha

Skill      XL: |  1  2  3  4 |
---------------+-------------+-----
Fighting       | 3 |  3.8
Dodging        | 4 |  4.1
Staves         | |  3.0
Throwing       | |  1.7

Action                   |  1- 3 |  4- 6 || total
-------------------------+-------+-------++-------
Melee: Quarterstaff      |    55 |    51 ||   106
  Use: Potion            |     1 |       ||     1
  Eat: Chunk             |     1 |     2 ||     3
Armor: Leather armour    |    14 |    20 ||    34
Dodge: Dodged            |    31 |    34 ||    65
